TEX
SPRINGFIELD CARDINALS @ ARKANSAS TRAVELERS
07/31/2099
 
TOP OF THE 1ST
Springfield Cardinals batting - Pitching for Arkansas Travelers : LHP Joe Mullins
Pitching: LHP Joe Mullins
Batting: RHB Gabriel Galindo 0-0: Called Strike
0-1: Ball
1-1: Ground out 4-3 (Groundball, 4M, EV 99.4 MPH)
Batting: RHB Carlos Canto 0-0: Called Strike
0-1: Ball
1-1: Fly out, F8 (Line Drive, 8LD, EV 84.4 MPH)
Batting: RHB Aaron Rossiter 0-0: Ball
1-0: Called Strike
1-1: SINGLE (Line Drive, 4MD, EV 95.0 MPH)
Batting: SHB Matt Gordon 0-0: Swinging Strike
0-1: Ball
1-1: Swinging Strike
1-2: Ball
2-2: Ground out 5-3 (Groundball, 56S, EV 83.8 MPH)
Top of the 1st over - 0 runs, 1 hit, 0 errors, 1 left on base; Springfield 0 - Arkansas 0
BOTTOM OF THE 1ST
Arkansas Travelers batting - Pitching for Springfield Cardinals : RHP Mike Colledge
Pitching: RHP Mike Colledge
Batting: LHB Bobby Errington 0-0: Ground out 4-3 (Groundball, 4, EV 89.4 MPH)
Batting: RHB Dan Bouldin 0-0: Swinging Strike
0-1: Ball
1-1: Ball
2-1: Foul Ball, location: 2F
2-2: Ball
3-2: Foul Ball, location: 5DF
3-2: Foul Ball, location: 7LSF
3-2: Strikes out looking
Batting: SHB Jonathan Paszek 0-0: Called Strike
0-1: Hit by Pitch
Batting: LHB Danny Tijerina 0-0: Ball
1-0: Ball
2-0: Foul Ball, location: 2F
2-1: Foul Ball, location: 7LDF
2-2: Strikes out swinging
Bottom of the 1st over - 0 runs, 0 hits, 0 errors, 1 left on base; Springfield 0 - Arkansas 0
TOP OF THE 2ND
Springfield Cardinals batting - Pitching for Arkansas Travelers : LHP Joe Mullins
Batting: RHB Bob Lopez 0-0: Called Strike
0-1: Foul Ball, location: 5F
0-2: Ball
1-2: Ball
2-2: Ball
3-2: Base on Balls
Batting: LHB Sean Jensen 0-0: Ball
1-0: Ball
2-0: Grounds into double play, 4-6-3 (Groundball, 4, EV 85.0 MPH)
Batting: RHB Armando Aguilar 0-0: Called Strike
0-1: Called Strike
0-2: Ball
1-2: Foul Ball, location: 23F
1-2: Ball
2-2: Strikes out looking
Top of the 2nd over - 0 runs, 0 hits, 0 errors, 0 left on base; Springfield 0 - Arkansas 0
BOTTOM OF THE 2ND
Arkansas Travelers batting - Pitching for Springfield Cardinals : RHP Mike Colledge
Batting: RHB Bob Poor 0-0: Called Strike
0-1: DOUBLE (Flyball, 78D, EV 93.8 MPH)
Batting: LHB Adrian Ellis 0-0: Ball
1-0: Fly out, F8 (Line Drive, 8LD, EV 101.9 MPH)
Batting: RHB David Whitehead 0-0: Fly out, F7 (Line Drive, 7S, EV 95.6 MPH)
Batting: RHB Jonathan Baynham 0-0: Ball
1-0: Ball
2-0: Ball
3-0: Called Strike
3-1: Foul Ball, location: 5FF
3-2: 2-RUN HOME RUN (Flyball, 78XD, EV 105.6 MPH), Distance : 426 ft
Batting: RHB Nicolas Montecino 0-0: Swinging Strike
0-1: Foul Ball, location: 2F
0-2: Strikes out looking
Bottom of the 2nd over - 2 runs, 2 hits, 0 errors, 0 left on base; Springfield 0 - Arkansas 2
TOP OF THE 3RD
Springfield Cardinals batting - Pitching for Arkansas Travelers : LHP Joe Mullins
Batting: RHB Sansan Loureiro 0-0: Called Strike
0-1: Ball
1-1: Ball
2-1: SINGLE (Groundball, 34, EV 96.9 MPH)
Batting: RHB Alex Cary 0-0: Bunted foul
0-1: Bunted foul
0-2: Strikes out swinging
Batting: RHB Gabriel Galindo 0-0: Foul Ball, location: 2F
0-1: Grounds into double play, 6-4-3 (Groundball, 6S, EV 85.0 MPH)
Top of the 3rd over - 0 runs, 1 hit, 0 errors, 0 left on base; Springfield 0 - Arkansas 2
BOTTOM OF THE 3RD
Arkansas Travelers batting - Pitching for Springfield Cardinals : RHP Mike Colledge
Batting: LHB Bobby Errington 0-0: Ball
1-0: Foul Ball, location: 2F
1-1: Foul Ball, location: 23F
1-2: Strikes out swinging
Batting: RHB Dan Bouldin 0-0: Called Strike
0-1: Fly out, F3 (Popup, 34, EV 65.0 MPH)
Batting: SHB Jonathan Paszek 0-0: Foul Ball, location: 3F
0-1: Ball
1-1: Swinging Strike
1-2: Foul Ball, location: 2F
1-2: Strikes out swinging
Bottom of the 3rd over - 0 runs, 0 hits, 0 errors, 0 left on base; Springfield 0 - Arkansas 2
TOP OF THE 4TH
Springfield Cardinals batting - Pitching for Arkansas Travelers : LHP Joe Mullins
Batting: RHB Carlos Canto 0-0: Ball
1-0: Ground out 6-3 (Groundball, 56D, EV 94.4 MPH)
Batting: RHB Aaron Rossiter 0-0: Ball
1-0: Ball
2-0: Foul Ball, location: 3FF
2-1: Ball
3-1: Called Strike
3-2: DOUBLE (Flyball, 8LXD, EV 108.1 MPH)
Batting: SHB Matt Gordon 0-0: SINGLE (Groundball, 56S, EV 68.1 MPH) (infield hit)
Aaron Rossiter to third
Batting: RHB Bob Lopez 0-0: Foul Ball, location: 7LMFF
0-1: Ball
1-1: Ball
2-1: Foul Ball, location: 2F
2-2: Ball
3-2: Strikes out looking
Batting: LHB Sean Jensen 0-0: Fly out, F9 (Flyball, 9S, EV 91.3 MPH)
Top of the 4th over - 0 runs, 2 hits, 0 errors, 2 left on base; Springfield 0 - Arkansas 2
BOTTOM OF THE 4TH
Arkansas Travelers batting - Pitching for Springfield Cardinals : RHP Mike Colledge
Batting: LHB Danny Tijerina 0-0: Called Strike
0-1: Swinging Strike
0-2: Foul Ball, location: 7LMF
0-2: Strikes out swinging
Batting: RHB Bob Poor 0-0: Swinging Strike
0-1: Ball
1-1: Foul Ball, location: 9LMF
1-2: Ball
2-2: Ground out 6-3 (Groundball, 6S, EV 85.0 MPH)
Batting: LHB Adrian Ellis 0-0: Ball
1-0: SINGLE (Groundball, 4MD, EV 110.0 MPH)
Batting: RHB David Whitehead 0-0: Foul Ball, location: 2F
0-1: Called Strike
0-2: Ball
1-2: Ball
2-2: Strikes out looking
Bottom of the 4th over - 0 runs, 1 hit, 0 errors, 1 left on base; Springfield 0 - Arkansas 2
TOP OF THE 5TH
Springfield Cardinals batting - Pitching for Arkansas Travelers : LHP Joe Mullins
Batting: RHB Armando Aguilar 0-0: Called Strike
0-1: Foul Ball, location: 23F
0-2: Ball
1-2: Ball
2-2: SINGLE (Groundball, 56D, EV 107.5 MPH)
Batting: RHB Sansan Loureiro 0-0: Ball
1-0: Ball
2-0: Grounds into double play, 5-4-3 (Groundball, 5, EV 102.5 MPH)
Batting: RHB Alex Cary 0-0: Ball
1-0: Called Strike
1-1: Ball
2-1: Ball
3-1: Base on Balls
Batting: RHB Gabriel Galindo 0-0: Foul Ball, location: 2F
0-1: Ball
1-1: Ball
2-1: Swinging Strike
2-2: Ball
3-2: Base on Balls
Alex Cary to second
Batting: RHB Carlos Canto 0-0: Called Strike
0-1: Ball
1-1: DOUBLE (Groundball, 5L, EV 107.5 MPH)
Alex Cary scores
Gabriel Galindo to third
Batting: RHB Aaron Rossiter 0-0: Swinging Strike
0-1: Ball
1-1: Fly out, F9 (Flyball, 9LM, EV 102.5 MPH)
Top of the 5th over - 1 run, 2 hits, 0 errors, 2 left on base; Springfield 1 - Arkansas 2
BOTTOM OF THE 5TH
Arkansas Travelers batting - Pitching for Springfield Cardinals : RHP Mike Colledge
Batting: RHB Jonathan Baynham 0-0: Ball
1-0: Called Strike
1-1: Foul Ball, location: 2F
1-2: Ball
2-2: Foul Ball, location: 2F
2-2: Strikes out swinging
Batting: RHB Nicolas Montecino 0-0: Ground out 4-3 (Groundball, 4, EV 90.0 MPH)
Batting: LHB Bobby Errington 0-0: Swinging Strike
0-1: Ball
1-1: Ball
2-1: Called Strike
2-2: Ball
3-2: Base on Balls
Batting: RHB Dan Bouldin 0-0: Fly out, F7 (Flyball, 78S, EV 85.6 MPH)
Bottom of the 5th over - 0 runs, 0 hits, 0 errors, 1 left on base; Springfield 1 - Arkansas 2
TOP OF THE 6TH
Springfield Cardinals batting - Pitching for Arkansas Travelers : LHP Joe Mullins
Batting: SHB Matt Gordon 0-0: Called Strike
0-1: Ball
1-1: Ball
2-1: Foul Ball, location: 9LDF
2-2: Foul Ball, location: 9LSF
2-2: Ball
3-2: Foul Ball, location: 23F
3-2: Base on Balls
Batting: RHB Bob Lopez 0-0: Ball
1-0: Ball
2-0: Called Strike
2-1: Ball
3-1: Swinging Strike
3-2: Foul Ball, location: 25FF
3-2: Foul Ball, location: 9LMF
3-2: Grounds into double play, 5-4-3 (Groundball, 5, EV 93.8 MPH)
Batting: LHB Sean Jensen 0-0: Called Strike
0-1: Fly out, F7 (Line Drive, 7S, EV 104.4 MPH)
Top of the 6th over - 0 runs, 0 hits, 0 errors, 0 left on base; Springfield 1 - Arkansas 2
BOTTOM OF THE 6TH
Arkansas Travelers batting - Pitching for Springfield Cardinals : RHP Mike Colledge
Batting: SHB Jonathan Paszek 0-0: Called Strike
0-1: Ball
1-1: Foul Ball, location: 7LMFF
1-2: Ground out 4-3 (Groundball, 4, EV 84.4 MPH)
Batting: LHB Danny Tijerina 0-0: Ball
1-0: Fly out, F5 (Popup, 5F, EV 62.5 MPH)
Batting: RHB Bob Poor 0-0: Ball
1-0: Foul Ball, location: 23FF
1-1: Foul Ball, location: 2F
1-2: Foul Ball, location: 23F
1-2: Fly out, F6 (Flyball, 6D, EV 91.3 MPH)
Bottom of the 6th over - 0 runs, 0 hits, 0 errors, 0 left on base; Springfield 1 - Arkansas 2
TOP OF THE 7TH
Springfield Cardinals batting - Pitching for Arkansas Travelers : LHP Joe Mullins
Batting: RHB Armando Aguilar 0-0: Ball
1-0: Ground out 6-3 (Groundball, 6M, EV 101.9 MPH)
Batting: RHB Sansan Loureiro 0-0: Swinging Strike
0-1: Foul Ball, location: 2F
0-2: Ball
1-2: Ball
2-2: Strikes out swinging
Batting: RHB Alex Cary 0-0: Ball
1-0: Called Strike
1-1: Ball
2-1: Foul Ball, location: 3F
2-2: Ball
3-2: Ground out 5-3 (Groundball, 56, EV 88.1 MPH)
Top of the 7th over - 0 runs, 0 hits, 0 errors, 0 left on base; Springfield 1 - Arkansas 2
BOTTOM OF THE 7TH
Arkansas Travelers batting - Pitching for Springfield Cardinals : RHP Mike Colledge
Batting: LHB Adrian Ellis 0-0: Called Strike
0-1: Called Strike
0-2: Fly out, F4 (Flyball, 3D, EV 95.6 MPH)
Batting: RHB David Whitehead 0-0: Ball
1-0: Swinging Strike
1-1: Ball
2-1: Foul Ball, location: 9LSF
2-2: Strikes out swinging
Batting: RHB Jonathan Baynham 0-0: Ball
1-0: Ground out 5-3 (Groundball, 56, EV 76.9 MPH)
Bottom of the 7th over - 0 runs, 0 hits, 0 errors, 0 left on base; Springfield 1 - Arkansas 2
TOP OF THE 8TH
Springfield Cardinals batting - Pitching for Arkansas Travelers : LHP Joe Mullins
Batting: RHB Gabriel Galindo 0-0: Called Strike
0-1: Ball
1-1: Foul Ball, location: 23F
1-2: SINGLE (Groundball, P, EV 78.8 MPH) (infield hit)
Pitching: RHP Erik Neu
Pinch Hitting: LHB Josh Crawford 0-0: Ball
1-0: Ball
2-0: Ball
3-0: Called Strike
3-1: Base on Balls
Gabriel Galindo to second
Batting: RHB Aaron Rossiter 0-0: Called Strike
0-1: Ball
1-1: Ball
2-1: Grounds into double play, 5-4-3 (Groundball, 56, EV 81.9 MPH)
Gabriel Galindo to third
Pitching: RHP Dave Jackson
Batting: SHB Matt Gordon 0-0: Ball
1-0: Called Strike
1-1: Swinging Strike
1-2: Ball
2-2: Foul Ball, location: 3SF
2-2: Strikes out looking
Top of the 8th over - 0 runs, 1 hit, 0 errors, 1 left on base; Springfield 1 - Arkansas 2
BOTTOM OF THE 8TH
Arkansas Travelers batting - Pitching for Springfield Cardinals : RHP Mike Colledge
Now at 2B: Josh Crawford
Batting: RHB Nicolas Montecino 0-0: Ball
1-0: Swinging Strike
1-1: SINGLE (Groundball, 34S, EV 71.9 MPH) (infield hit)
Batting: LHB Bobby Errington 0-0: Swinging Strike
0-1: Swinging Strike
0-2: Ball
1-2: Foul Ball, location: 2F
1-2: SINGLE (Line Drive, 9S, EV 92.5 MPH)
Nicolas Montecino to second
Runner from 2nd tries for 3rd, SAFE, no throw by RF
Batting: RHB Dan Bouldin 0-0: Called Strike
0-1: Ground out 6-3 (Groundball, 56, EV 88.1 MPH)
Bobby Errington to second
Batting: SHB Jonathan Paszek 0-0: SINGLE (Line Drive, 34D, EV 103.8 MPH)
Nicolas Montecino scores
Bobby Errington to third
Batting: LHB Danny Tijerina 0-0: Called Strike
0-1: Ball
1-1: Ball
2-1: SINGLE (Line Drive, 9S, EV 93.1 MPH)
Bobby Errington scores
Jonathan Paszek to second
Batting: RHB Bob Poor 0-0: Ball
1-0: Called Strike
1-1: Foul Ball, location: 2F
1-2: Ball
2-2: Ball
3-2: Foul Ball, location: 5FF
3-2: Foul Ball, location: 2F
3-2: Foul Ball, location: 5FF
3-2: Foul Ball, location: 5F
3-2: Fly out, F9 (Flyball, 9, EV 90.6 MPH)
Pitching: LHP Jeff Pritchard
Batting: LHB Adrian Ellis 0-0: Foul Ball, location: 2F
0-1: Called Strike
0-2: Ball
1-2: Ball
2-2: Ground out U3 (Groundball, 3, EV 86.3 MPH)
Bottom of the 8th over - 2 runs, 4 hits, 0 errors, 2 left on base; Springfield 1 - Arkansas 4
TOP OF THE 9TH
Springfield Cardinals batting - Pitching for Arkansas Travelers : RHP Dave Jackson
Batting: RHB Bob Lopez 0-0: Ball
1-0: Ball
2-0: Called Strike
2-1: Ball
3-1: Foul Ball, location: 2F
3-2: Ground out 5-3 (Groundball, 56, EV 76.3 MPH)
Batting: LHB Sean Jensen 0-0: Ball
1-0: Ball
2-0: Ball
3-0: Called Strike
3-1: Ground out U3 (Groundball, 34, EV 82.5 MPH)
Batting: RHB Armando Aguilar 0-0: Ball
1-0: Ball
2-0: Called Strike
2-1: Fly out, F9 (Flyball, 89M, EV 100.0 MPH)
Top of the 9th over - 0 runs, 0 hits, 0 errors, 0 left on base; Springfield 1 - Arkansas 4
Monday, May 13th , 2024 - OOTP Baseball 24.11 Build 85